 Dungeon Crawl Stone Soup version 0.21.1-1-g345015f (webtiles) character file.

21 Flooderbenga the Grave Robber (level 2, -2/20 HPs)
             Began as a Gnoll Necromancer on Apr 9, 2018.
             Killed from afar by an orc wizard (3 damage)
             ... with a puff of flame
             ... on level 3 of the Dungeon.
             The game lasted 00:08:44 (403 turns).

Flooderbenga the Grave Robber (Gnoll Necromancer)    Turns: 403, Time: 00:08:45

Health: -2/20      AC:  2    Str: 10    XL:     2   Next: 87%
Magic:  5/7        EV: 14    Int: 17    God:
Gold:   55         SH:  0    Dex: 15    Spells: 8/10 levels left

rFire    . . .     SeeInvis .   i - +0 dagger
rCold    . . .     Gourm    .   (no shield)
rNeg     . . .     Faith    .   a - +0 robe
rPois    .         Spirit   .   (no helmet)
rElec    .         Reflect  .   (no cloak)
rCorr    .         Harm     .   (no gloves)
MR       .....                  (no boots)
Stlth    +++.......             (no amulet)
HPRegen  0.06/turn              (no ring)
MPRegen  0.10/turn              (no ring)

@: no status effects
A: distributed training, fangs 1, strong nose
a: no special abilities


You were on level 3 of the Dungeon.
You were not hungry.

You visited 1 branch of the dungeon, and saw 3 of its levels.

You collected 55 gold pieces.

Inventory:

Hand Weapons
 g - a +0 whip
 i - a +0 dagger (weapon)
Missiles
 d - 18 stones (quivered)
Armour
 a - a +0 robe (worn)
Scrolls
 j - a scroll of identify {unknown}
 k - a scroll of blinking {unknown}
Potions
 e - a potion of lignification {unknown}
 f - 2 potions of resistance {unknown}
 h - a potion of berserk rage {unknown}
 q - 3 potions of curing {@q1}
Books
 b - a book of Necromancy

   Spells                             Type                      Level
   a - Pain                           Necromancy                   1
   b - Animate Skeleton               Necromancy                   1
   c - Vampiric Draining              Necromancy                   3
   d - Regeneration                   Charms/Necromancy            3
   e - Animate Dead                   Necromancy                   4
   f - Borgnjor's Vile Clutch         Necromancy/Earth             5
Comestibles
 c - 2 rations


   Skills:
 + Level 0.5 Fighting
 + Level 0.5 Short Blades
 + Level 0.5 Long Blades
 + Level 0.5 Axes
 + Level 0.5 Maces & Flails
 + Level 0.5 Polearms
 + Level 0.5 Staves
 + Level 0.5 Slings
 + Level 0.5 Bows
 + Level 0.5 Crossbows
 + Level 0.5 Throwing
 + Level 0.5 Armour
 + Level 4.5 Dodging
 + Level 4.1 Stealth
 + Level 0.5 Shields
 + Level 0.5 Unarmed Combat
 + Level 4.9 Spellcasting
 + Level 0.3 Conjurations
 + Level 0.3 Hexes
 + Level 0.3 Charms
 + Level 0.3 Summonings
 + Level 7.0 Necromancy
 + Level 0.3 Translocations
 + Level 0.3 Transmutations
 + Level 0.3 Fire Magic
 + Level 0.3 Ice Magic
 + Level 0.3 Air Magic
 + Level 0.3 Earth Magic
 + Level 0.3 Poison Magic
 + Level 0.6 Invocations
 + Level 0.5 Evocations


You had 8 spell levels left.
You knew the following spells:

 Your Spells              Type           Power        Failure   Level  Hunger
a - Pain                  Necr           ####         1%          1    None
z - Animate Skeleton      Necr           N/A          1%          1    None


Dungeon Overview and Level Annotations

Branches:
Dungeon (3/15)

Altars:
Okawaru


Innate Abilities, Weirdness & Mutations

Your experience applies equally to all skills.
You have very sharp teeth.
Your uncanny sense of smell can sniff out nearby items.


Message History

Your quokka skeleton bites the worm but does no damage.
Your quokka skeleton bites the worm.
The worm bites your quokka skeleton.
Your quokka skeleton is destroyed!
There is a stone staircase leading down here.
You climb downwards.
Found a robe and 8 gold pieces.
Found an iron altar of Okawaru.
There is a stone staircase leading up here.
Found 24 stones.
Found a scroll labeled MASHRO HYNU.
A worm comes into view.
Found 12 gold pieces.
There is an iron altar of Okawaru here.
An orc wizard comes into view. It is wielding a dagger.
You see here 8 gold pieces.
You now have 55 gold pieces (gained 8).
Aim: a worm (chance to defeat MR: 89%)
The worm writhes in agony!
The orc wizard casts a spell at you. The puff of flame hits you!
You die...

#..## #.## ...#
#####$..
#..####...#.#
#..#.......# #
#.<.##.##.###.#
#..[#...#......
#......w....(?.
#....._.........
#......@........
##..#...#...o...
##.##.##.......
#..... ......
###... ....
###.. .. #. .


You could see a worm and an orc wizard.

Vanquished Creatures
  3 bats (D:1)
  2 giant cockroaches
  A goblin (D:1)
  3 hobgoblins
  A quokka (D:2)
  2 ball pythons
  A frilled lizard (D:2)
  3 kobolds (D:1)
  3 rats
19 creatures vanquished.

Vanquished Creatures (collateral kills)
  A hobgoblin (D:2)
1 creature vanquished.

Grand Total: 20 creatures vanquished

Notes
Turn   | Place    | Note
-------+----------+-------------------------------------------
     0 | D:1      | Flooderbenga the Gnoll Necromancer began the quest for the Orb.
     0 | D:1      | Reached XP level 1. HP: 13/13 MP: 6/6
   156 | D:1      | Learned a level 1 spell: Animate Skeleton
   190 | D:1      | Reached XP level 2. HP: 3/19 MP: 2/7
   389 | D:3      | Found an iron altar of Okawaru.
   403 | D:3      | Killed from afar by an orc wizard

Action                   || total
-------------------------++-------
Melee: Unarmed           ||    12
 Cast: Pain              ||    29
       Animate Skeleton  ||     3
  Use: Potion            ||     1
Armor: Robe              ||     3
Dodge: Dodged            ||    21
